 Dungeon Crawl Stone Soup version 0.28.0-53-g5a82cb258f (webtiles) character file.

Game seed: 6645028910835326532

254 Zeld the Skirmisher (level 5, -3/50 HPs)
             Began as a Minotaur Berserker on May 23, 2022.
             Was a Priest of Trog.
             Slain by an adder (4 damage)
             ... on level 4 of the Dungeon.
             The game lasted 00:04:48 (4042 turns).

Zeld the Skirmisher (Minotaur Berserker)            Turns: 4042, Time: 00:04:48

Health: -3/50      AC:  2    Str: 24    XL:     5   Next: 91%
Magic:  4/4        EV: 12    Int:  4    God:    Trog [***...]
Gold:   75         SH:  0    Dex:  9    Spells: 4/4 levels left

rFire   . . .      SeeInvis .   j - +2 whip (venom)
rCold   . . .      Faith    .   (no shield)
rNeg    . . .      Spirit   .   b - +0 animal skin
rPois   .          Reflect  .   (helmet restricted)
rElec   .          Harm     .   (no cloak)
rCorr   .          Rampage  .   (no gloves)
Will    ++...                   (no boots)
Stlth   +.........              (no amulet)
HPRegen 1.16/turn               (no ring)
MPRegen 0.09/turn               (no ring)

@: lethally poisoned (-3 -> -3), strong-willed, regenerating
A: horns 2, retaliatory headbutt
a: Renounce Religion, Berserk, Trog's Hand


You were on level 4 of the Dungeon.
You worshipped Trog.
Trog was most pleased with you.
You visited 1 branch of the dungeon, and saw 4 of its levels.

You collected 171 gold pieces.
You spent 96 gold pieces at shops.

Inventory:

Hand Weapons
 a - a +0 hand axe
 j - a +2 whip of venom (weapon)
Armour
 b - a +0 animal skin (worn)
Scrolls
 c - 2 scrolls of noise {unknown}
 d - a scroll of enchant weapon {unknown}
 e - 2 scrolls of teleportation {unknown}
 h - a scroll of enchant armour {unknown}
 k - a scroll of identify {unknown}
 m - a scroll of fear {unknown}
 o - a scroll of amnesia {unknown}
Potions
 f - a potion of lignification {unknown}
 g - a potion of degeneration {unknown}
 i - a potion of resistance {unknown}
 l - a potion of heal wounds
 n - a potion of invisibility


   Skills:
 * Level 5.7 Fighting
 * Level 5.6 Axes
 - Level 3.0 Armour
 + Level 3.5 Dodging


You had 4 spell levels left.
You didn't know any spells.
Your spell library was empty.

Dungeon Overview and Level Annotations

Branches:
Dungeon (4/15)
 Temple: D:4-7

Altars:
Elyvilon
Zin

Shops:
D:2 =   D:3 !


Innate Abilities, Weirdness & Mutations

You have a pair of horns on your head.
You reflexively headbutt those who attack you in melee.


Message History

You hear an angry hiss.
You start resting.
A scorpion comes into view.
A scorpion is nearby!
A scorpion is nearby!
A necrophage opens the door.
You enter the shallow water.
Moving in this stuff is going to be slow.
An adder comes into view.
You barely miss the adder.
The adder hisses angrily.
The adder closely misses you. The scorpion closely misses you.
Unknown command.
The scorpion misses you. You furiously retaliate!
You headbutt the scorpion! The adder bites you. The scorpion stings you!
The adder barely misses you. The adder bites you.
* * * LOW HITPOINT WARNING * * *
The scorpion barely misses you. The scorpion stings you.
* * * LOW HITPOINT WARNING * * *
You are poisoned.
The scorpion poisons you! The adder misses you. The scorpion misses you.
* * * LOW HITPOINT WARNING * * *
You feel sick. The adder bites you.
* * * LOW HITPOINT WARNING * * *
You are more poisoned.
The adder poisons you!
There is an open door here.
* * * LOW HITPOINT WARNING * * *
You feel very sick. The adder bites you but does no damage.
Your skin crawls.
You feel strong-willed.
* * * LOW HITPOINT WARNING * * *
You feel sick. The adder barely misses you.
Unknown command.
You miss the adder.
* * * LOW HITPOINT WARNING * * *
You feel sick. The adder bites you.
You die...

..#####.# .# #.# ###) #.#
#.. # #)# #.# .# . #)####
####'#### #.#.# ))...#
#≈≈≈.≈≈≈# ....# #.##.#
#≈#...#≈# .....#
#)##.###≈..$..≈####.....n
..##.#.)...)..nS@).......
#.....)#≈)....s#†).......
#.######≈#...#≈##........
#.# #≈≈≈.≈≈≈####..?..#
#.# ####'#### .....# #.#
...# ....# #.# #....
###.# #.. #.#### # ### #.


You could see a necrophage, a scorpion and an adder.

Vanquished Creatures
  A phantom (D:4)
  An orc priest (D:4)
  A hound skeleton (D:4)
  Robin (D:3)
  2 adders
  A worm (D:2)
  2 dart slugs
  10 orcs
  9 ball pythons
  6 endoplasms
  2 giant cockroaches
  18 goblins
  8 hobgoblins
  4 jackals
  4 kobolds
  A quokka (D:3)
  9 bats
  2 frilled lizards (D:3)
  2 rats
84 creatures vanquished.

Notes
Turn   | Place    | Note
-------+----------+-------------------------------------------
     0 | D:1      | Zeld the Minotaur Berserker began the quest for the Orb.
     0 | D:1      | Reached XP level 1. HP: 19/19 MP: 0/0
   321 | D:1      | Reached XP level 2. HP: 27/27 MP: 1/1
   323 | D:1      | Found a faded altar of an unknown god.
  1070 | D:2      | Reached XP level 3. HP: 28/33 MP: 2/2
  1272 | D:2      | Found Fizohiel's Jewellery Boutique.
  1550 | D:2      | Reached ** piety under Trog
  1791 | D:2      | Found a glowing silver altar of Zin.
  2015 | D:3      | Found Japlimi's Distillery.
  2023 | D:3      | Bought a potion of invisibility for 96 gold pieces
  2155 | D:3      | Found a white marble altar of Elyvilon.
  2176 | D:3      | Reached XP level 4. HP: 41/41 MP: 3/3
  2561 | D:3      | Noticed Robin
  3111 | D:4      | Noticed a phantom
  3129 | D:3      | Killed Robin
  3166 | D:3      | Found a white marble altar of Elyvilon.
  3220 | D:3      | Found Japlimi's Distillery.
  3693 | D:4      | Reached skill level 5 in Fighting
  3695 | D:4      | Reached skill level 5 in Axes
  3703 | D:4      | Reached *** piety under Trog
  3704 | D:4      | Reached XP level 5. HP: 9/48 MP: 4/4
  3960 | D:4      | Killed a phantom
  4021 | D:4      | Noticed a necrophage
  4041 | D:4      | HP: 2/50 [poisoned by an adder]
  4042 | D:4      | Slain by an adder

Illustrated notes

Levels and vault maps discovered:
D:1:      eino_arrival_druids_welcome, layout_basic,
          ebering_ecumenical_altar_ruins
D:2:      layout_loops_ring, serial_shops, shop_statue, basic_altar,
          kennysheep_doodads, minmay_fractal_squares_5
D:3:      layout_loops_ring, elyvilon_altar_4, serial_shops,
          nicolae_diamond_shop, uniq_robin
D:4:      layout_loops_ring, mainiacjoe_overflow_24_doors, temple_statues,
          kennysheep_small_square

Skill      XL: |  1  2  3  4 |
---------------+-------------+-----
Fighting       | 4 5 |  5.7
Axes           | 4 5 |  5.6
Armour         | 3 |  3.0
Dodging        | 3 |  3.5

Action                   |  1- 3 |  4- 6 || total
-------------------------+-------+-------++-------
Melee: Hand axe          |    92 |    11 ||   103
       Punch             |     3 |       ||     3
       Headbutt          |    12 |    16 ||    28
       Whip              |       |    80 ||    80
Invok: Trog's Hand       |       |     1 ||     1
Armor: Animal skin       |    23 |    13 ||    36
Dodge: Dodged            |    65 |    55 ||   120
